 Dungeon Crawl Stone Soup version 0.18.1-48-g4cf74bf (webtiles) character file.

37 Heedrag the Sneak (level 3, -6/21 HPs)
             Began as a Kobold Assassin on Aug 13, 2016.
             Mangled by Sigmund
             ... wielding a +0 scythe
              (11 damage)
             ... on level 2 of the Dungeon.
             The game lasted 00:01:52 (1135 turns).

Heedrag the Sneak (Kobold Assassin)                 Turns: 1135, Time: 00:01:52

Health: -6/21      AC:  3    Str:  9    XL:     3   Next: 62%
Magic:  3/3        EV: 14    Int: 10    God:
Gold:   53         SH:  0    Dex: 17    Spells: 0 memorised, 2 levels left

rFire  . . .     SeeInvis .     n - -1 dagger (curse)
rCold  . . .     Gourm    .     c - +0 robe
rNeg   . . .     Faith    .     (shield restricted)
rPois  .         Spirit   .     (no helmet)
rElec  .         Dismiss  .     d - +0 cloak
rCorr  .         Reflect  .     (no gloves)
SustAt .         Harm     .     (no boots)
MR     .....                    (no amulet)
Stlth  ++........               (no ring)
                                (no ring)

@: confused, not resistant to hostile enchantments, unstealthy
A: carnivore 3
a: no special abilities


You were on level 2 of the Dungeon.
You were completely stuffed.

You visited 1 branch of the dungeon, and saw 2 of its levels.

You collected 53 gold pieces.

Inventory:

Hand Weapons
 a - a +2 dagger
 b - a +0 blowgun
 n - a cursed -1 dagger (weapon)
 o - a cursed -3 war axe
Missiles
 e - 8 poisoned needles
 f - 2 curare-tipped needles
Armour
 c - a +0 robe (worn)
 d - a +0 cloak (worn)
Scrolls
 h - a scroll of recharging {unknown}
 p - a scroll of blinking {unknown}
 q - a scroll of identify {unknown}
 r - a scroll of fear {unknown}
 s - a scroll of enchant weapon {unknown}
Potions
 i - a potion of flight {unknown}
 j - a potion of might {unknown}
 l - a potion of lignification {unknown}
Comestibles
 g - 2 meat rations
 k - a beef jerky
 m - a royal jelly


   Skills:
 - Level 2.1 Fighting
 - Level 2.6 Short Blades
 - Level 2.1 Throwing
 - Level 1.2 Dodging
 * Level 7.0 Stealth


You had 2 spell levels left.
You didn't know any spells.

Dungeon Overview and Level Annotations

Branches:
Dungeon (2/15)

Altars:
Elyvilon

Annotations:
D:2 Sigmund


Innate Abilities, Weirdness & Mutations

You are small and have problems with some larger weapons.
You are carnivorous and can eat meat at any time.


Message History

Ye see 'ere 30 stones.
Ye barely miss somethin'.
Tha bat hits ye. x2
Ye barely miss somethin'.
Tha bat hits ye but does nay damage.
Somethin' hits ye!
Ouch! Tha re'lly hurt!
* * * LOW HITPOINT WARNIN'
* * * Ye miss somethin'.
Tha bat completely misses ye.
Ye barely miss somethin'.
Tha bat barely misses ye.
Somethin' barely misses ye.
Tha bat hits ye but does nay damage.
Ye miss somethin'.
Tha bat hits ye.
* * * LOW HITPOINT WARNIN'
* * * Tha bat misses ye.
Ye closely miss somethin'.
Tha bat hits ye but does nay damage.
Somethin' barely misses ye.
Ye hit somethin' but do nay damage.
Tha bat misses ye.
Ye hear some strange, mumbled words.
Ye be confused.
Somethin' hits ye!
Ouch! Tha re'lly hurt!
Ye die...

..... # ..
...........#.# .# .
#.=
...........#.#..#.. #
##[.. ....
....#.#.##... ##...#
...##.#...........
.... #..#...........(#
#.# #
##.##...........# ..#
#..#!b@............#
.##
#%..{(.............#
.#
#..........[.........#
##
#....................#
#
........######.......#
... #.........
###.......# ###
#......%..##.........#
#...##.#..#..#####.#.#
#### .. #.#.## # .


You could see a bat.

Vanquished Creatures
  An adder (D:2)
  A dart slug (D:1)
  2 giant cockroaches (D:1)
  3 goblins
  7 hobgoblins (D:1)
  4 kobolds
  A ball python (D:2)
  A giant newt (D:1)
  4 rats (D:1)
24 creatures vanquished.

Notes
Turn   | Place    | Note
--------------------------------------------------------------
     0 | D:1      | Heedrag the Kobold Assassin began the quest for the Orb.
     0 | D:1      | Reached XP level 1. HP: 12/12 MP: 1/1
   168 | D:1      | Reached XP level 2. HP: 17/17 MP: 2/2
   221 | D:1      | Reached skill level 6 in Stealth
   542 | D:1      | Reached XP level 3. HP: 21/21 MP: 3/3
   819 | D:2      | Reached skill level 7 in Stealth
   880 | D:2      | HP: 1/21 [kobold/dagger (2)]
  1076 | D:2      | Found a white marble altar of Elyvilon.
  1123 | D:2      | Noticed Sigmund
  1135 | D:2      | Mangled by Sigmund

Skill      XL: |  1  2  3 |
---------------+----------+-----
Stealth        | 6 7 |  7.0
Fighting       | |  2.1
Short Blades   | |  2.6
Throwing       | |  2.1
Dodging        | |  1.2

Action                   || total
-------------------------++-------
Melee: Dagger            ||    92
 Stab: Sleeping          ||     7
  Eat: Chunk             ||     9
Armor: Robe              ||    14
Dodge: Dodged            ||    55
